 Dungeon Crawl Stone Soup version 0.26.1-11-gd32895ea62 (webtiles) character file.

Game seed: 18025779743263866192

9996 Zeld the Cruncher (level 11, -2/64 HPs)
             Began as an Octopode Gladiator on May 18, 2021.
             Was a Believer of Wu Jian.
             Slain by a cyan ugly thing (16 damage)
             ... on level 11 of the Dungeon.
             The game lasted 00:22:26 (18095 turns).

Zeld the Cruncher (Octopode Gladiator)             Turns: 18095, Time: 00:22:27

Health: -2/64      AC:  2    Str: 15    XL:     11   Next: 55%
Magic:  9/9        EV: 15    Int: 10    God:    Wu Jian [**....]
Gold:   619        SH:  0    Dex: 18    Spells: 10/10 levels left

rFire    . . .     SeeInvis .   a - +5 quarterstaff
rCold    . . .     Faith    .   (shield currently unavailable)
rNeg     . . .     Spirit   .   b - +1 hat
rPois    +         Reflect  .   (no amulet)
rElec    .         Harm     .   (no ring)
rCorr    .         Rampage  .   (no ring)
Will     .....                  (no ring)
Stlth    +++.......             e - ring of poison resistance
HPRegen  0.20/turn              (no ring)
MPRegen  0.11/turn              (no ring)
                                (no ring)
                                (no ring)

@: no status effects
A: almost no armour, stealthy swim, amphibious, 8 rings, constrict 8, camouflage
1, agile 1, blurry vision 1, low mp 1, gelatinous body 1
a: Renounce Religion, Wall Jump


You were on level 11 of the Dungeon.
You worshipped Wu Jian.
Wu Jian was pleased with you.
You visited 2 branches of the dungeon, and saw 12 of its levels.

You collected 619 gold pieces.

Inventory:

Hand Weapons
 a - a +5 quarterstaff (weapon)
 o - a +0 quarterstaff
Missiles
 c - 3 throwing nets
 d - 2 curare-tipped darts
 g - 12 boomerangs
 j - 42 poisoned darts (quivered)
 m - 2 atropa-tipped darts
 r - 3 javelins
Armour
 b - a +1 hat (worn)
Jewellery
 e - a ring of poison resistance (on tentacle)
Wands
 n - a wand of disintegration (11)
Scrolls
 k - 11 scrolls of teleportation
 l - 3 scrolls of remove curse
 q - a scroll of blinking {unknown}
 t - a scroll of magic mapping
 x - a scroll of amnesia
Potions
 f - a potion of magic {unknown}
 h - 2 potions of curing
 i - 2 potions of invisibility
 p - 5 potions of lignification {unknown}
 s - 2 potions of heal wounds {unknown}
 u - a potion of brilliance {unknown}
 v - 2 potions of cancellation {unknown}
 w - 3 potions of resistance {unknown}
 z - a potion of degeneration {unknown}
 A - 3 potions of flight {unknown}
 B - a potion of ambrosia {unknown}
 C - a potion of might {unknown}


   Skills:
 - Level 2.0 Fighting
 * Level 12.7 Staves
 * Level 12.5 Throwing
 - Level 3.0 Dodging


You had 10 spell levels left.
You didn't know any spells.
Your spell library contained the following spells:

 Spells                   Type           Power        Failure   Level
 Foxfire                  Conj/Fire      0%           36%         1
 Magic Dart               Conj           0%           36%         1
 Sandblast                Erth           0%           36%         1
 Sting                    Tmut/Pois      0%           36%         1
 Summon Small Mammal      Summ           0%           36%         1
 Call Imp                 Summ           0%           50%         2
 Poisonous Vapours        Pois/Air       0%           50%         2
 Searing Ray              Conj           0%           50%         2
 Call Canine Familiar     Summ           0%           75%         3
 Conjure Flame            Conj/Fire      0%           75%         3
 Dazzling Flash           Conj/Hex       0%           75%         3
 Inner Flame              Hex/Fire       0%           75%         3
 Summon Guardian Golem    Hex/Summ       0%           75%         3
 Fulminant Prism          Conj/Hex       0%           98%         4
 Iskenderun's Mystic Bla  Conj/Tloc      0%           98%         4
 Sticky Flame             Conj/Fire      0%           98%         4
 Summon Ice Beast         Ice/Summ       0%           98%         4
 Summon Lightning Spire   Summ/Air       0%           98%         4
 Fireball                 Conj/Fire      0%           100%        5


Dungeon Overview and Level Annotations

Branches:
Dungeon (11/15)            Temple (1/1) D:4            Lair (0/6) D:8
    Orc (0/2) D:11

Altars:
Ashenzari
Cheibriados
Dithmenos
Elyvilon
Fedhas
Gozag
Hepliaklqana
Kikubaaqudgha
Makhleb
Nemelex Xobeh
Okawaru
Qazlal
Ru
Sif Muna
Trog
Uskayaw
Vehumet
Wu Jian
Xom
Yredelemnul
Zin
The Shining One

Shops:
D:10 [

Annotations:
D:10 1 runed translucent door


Innate Abilities, Weirdness & Mutations

You cannot wear most types of armour.
You are very stealthy in the water. (Stealth+)
You are amphibious.
You can wear up to eight rings at the same time.
You can use your tentacles to constrict eight enemies at once.
Your skin changes colour to match your surroundings (Stealth+).
Your rubbery body absorbs attacks. (AC +1, EV +1)
You are agile. (Dex +2)
Scrolls take you a little longer to read.
Your magical capacity is low. (-10% MP)


Message History

The cyan ugly thing bites you! The cyan ugly thing shocks you!
You sock the cyan ugly thing! You grab the cyan ugly thing.
The cyan ugly thing is heavily wounded.
You constrict the cyan ugly thing. The cyan ugly thing misses you.
You sock the cyan ugly thing! You squeeze the cyan ugly thing.
The cyan ugly thing is severely wounded.
You constrict the cyan ugly thing.
You hit the cyan ugly thing but do no damage.
You squeeze the cyan ugly thing.
The cyan ugly thing is severely wounded.
You constrict the cyan ugly thing. The cyan ugly thing bites you.
The cyan ugly thing shocks you!
You are too injured to fight recklessly!
You are too injured to fight recklessly!
You hit the cyan ugly thing.
The cyan ugly thing is almost dead.
You constrict the cyan ugly thing. The cyan ugly thing bites you!
* * * LOW HITPOINT WARNING * * *
The cyan ugly thing shocks you!
You die...

##+##### ###(.....# ###
#.'......### ....
###.#......'.#### .....
#)(.#......#.....
......##)###......######
(...((u@)# #......#
..(...#### ####'###
(?.?. ##....# ####
#..#### ##.## #..#
##'######## #.........#
### #.>.......# ##..


You could see a cyan ugly thing (very poisoned).

Vanquished Creatures
  2 two-headed ogres
  Pikel (D:8)
  Joseph (D:8)
  Maggie (D:5)
  Psyche (D:8)
  A komodo dragon (D:8)
  2 trolls
  A wraith (D:8)
  A ynoxinul (D:9)
  11 yaks
  Edmund (D:6)
  A warg (D:11)
  Duvessa (D:6)
  6 orc warriors
  7 sky beasts
  A phantom (D:5)
  4 ogres
  4 centaurs
  3 lemures
  2 big kobolds (D:11)
  Blork the orc (D:6)
  5 bullfrogs
  Dowan (D:6)
  A water moccasin zombie (D:3)
  4 scorpions
  3 howler monkeys
  2 bullfrog zombies
  A centaur zombie (D:5)
  5 hounds
  4 jellies
  6 orc wizards
  A bullfrog skeleton (D:6)
  7 orc priests
  2 centaur skeletons
  Jessica (D:2)
  5 worker ants
  A killer bee zombie (D:7)
  A hound skeleton (D:4)
  9 adders
  A howler monkey skeleton (D:4)
  2 white imps
  An adder zombie (D:5)
  2 dart slugs
  5 leopard geckos
  37 orcs
  9 bats
  3 giant cockroaches
  6 goblins
  8 hobgoblins
  14 jackals
  6 quokkas
  2 ball pythons (D:2)
  A ball python skeleton (D:4)
  6 frilled lizards
  13 kobolds
  A quokka zombie (D:8)
  3 rats
232 creatures vanquished.

Vanquished Creatures (others)
  27 plants (D:8)
27 creatures vanquished.

Grand Total: 259 creatures vanquished

Notes
Turn   | Place    | Note
-------+----------+-------------------------------------------
     0 | D:1      | Zeld the Octopode Gladiator began the quest for the Orb.
     0 | D:1      | Reached XP level 1. HP: 14/14 MP: 1/1
   369 | D:1      | Reached XP level 2. HP: 19/19 MP: 2/2
  1038 | D:2      | Reached XP level 3. HP: 20/24 MP: 3/3
  1302 | D:2      | Noticed Jessica
  1316 | D:2      | Killed Jessica
  1558 | D:2      | Reached XP level 4. HP: 18/29 MP: 4/4
  2109 | D:2      | Reached XP level 5. HP: 27/34 MP: 5/5
  3067 | D:3      | Reached skill level 5 in Staves
  3198 | D:3      | Reached XP level 6. HP: 19/39 MP: 6/6
  3820 | D:3      | Reached skill level 5 in Throwing
  4271 | D:4      | Found a shadowy altar of Dithmenos.
  4331 | D:4      | Found a staircase to the Ecumenical Temple.
  4342 | Temple   | Entered the Ecumenical Temple
  4373 | Temple   | Became a worshipper of the Wu Jian Council
  5125 | D:4      | Reached XP level 7. HP: 34/45 MP: 7/7
  5474 | D:4      | Found an opulent altar of Gozag.
  6160 | D:5      | Entered Level 5 of the Dungeon
  6947 | D:5      | Reached XP level 8. HP: 43/50 MP: 8/8
  7073 | D:5      | Reached * piety under Wu Jian
  7090 | D:5      | Gained mutation: Scrolls take you a little longer to read.
                  | [potion of mutation]
  7090 | D:5      | Gained mutation: Your magical capacity is low. (-10% MP)
                  | [potion of mutation]
  7090 | D:5      | Gained mutation: You are agile. (Dex +2) [potion of
                  | mutation]
  7398 | D:6      | Noticed Edmund
  7413 | D:6      | Killed Edmund
  7685 | D:6      | Noticed Duvessa
  7686 | D:6      | Noticed Dowan
  7704 | D:6      | Killed Duvessa
  7726 | D:6      | Killed Dowan
  7927 | D:6      | Noticed Maggie
  8627 | D:5      | Killed Maggie
  8628 | D:5      | Reached XP level 9. HP: 50/54 MP: 8/8
  9224 | D:6      | Noticed Blork the orc
  9232 | D:6      | Killed Blork the orc
  9769 | D:7      | Noticed a troll
 10775 | D:7      | Killed a troll
 11418 | D:8      | Noticed Pikel
 11418 | D:8      | Noticed a two-headed ogre
 11481 | D:8      | Reached skill level 10 in Staves
 11604 | D:8      | Found a white marble altar of Elyvilon.
 11888 | D:8      | Killed a two-headed ogre
 11889 | D:8      | Reached skill level 10 in Throwing
 11889 | D:8      | Reached XP level 10. HP: 59/60 MP: 9/9
 12164 | D:8      | Found a staircase to the Lair.
 12587 | D:8      | Noticed Psyche
 12973 | D:8      | Noticed Joseph
 12987 | D:8      | Killed Joseph
 13280 | D:8      | Killed Psyche
 13445 | D:8      | Found a staircase to the Lair.
 13509 | D:8      | Killed Pikel
 13706 | D:8      | Found a white marble altar of Elyvilon.
 14227 | D:9      | Found a snail-covered altar of Cheibriados.
 14335 | D:9      | Found a broken altar of Ashenzari.
 14338 | D:9      | Found a shimmering altar of Xom.
 14341 | D:9      | Found a hide-covered altar of Uskayaw.
 14344 | D:9      | Found an ancient bone altar of Kikubaaqudgha.
 14686 | D:9      | Noticed a two-headed ogre
 14728 | D:9      | Killed a two-headed ogre
 14729 | D:9      | Reached XP level 11. HP: 64/64 MP: 9/9
 14762 | D:9      | Found a shimmering blue altar of Sif Muna.
 14996 | D:9      | Identified Sif Muna's Guide on Earthen Intoxication
 15006 | D:9      | Found a bloodstained altar of Trog.
 15118 | D:9      | HP: 2/64 [yak (6)]
 16062 | D:10     | Entered Level 10 of the Dungeon
 16062 | D:10     | Found Cunasy's Antique Armour Emporium.
 16321 | D:10     | Reached ** piety under Wu Jian
 17121 | D:10     | Noticed a storm dragon
 17121 | D:10     | Noticed a yaktaur captain
 17121 | D:10     | Noticed a stone giant
 17122 | D:10     | Found a runed translucent door.
 17124 | D:10     | Noticed a sphinx
 17124 | D:10     | Noticed a phantasmal warrior
 17124 | D:10     | Noticed a yaktaur captain
 17124 | D:10     | Noticed a deep troll
 17124 | D:10     | Noticed a yaktaur captain
 17125 | D:10     | Identified the ring "Dopruebe" {Wiz +Inv rC+ Dex+7}
 17249 | D:11     | Found a staircase to the Orcish Mines.
 18084 | D:11     | Noticed a cyan ugly thing
 18095 | D:11     | Slain by a cyan ugly thing

Illustrated notes

Levels and vault maps discovered:
D:1:      minmay_arrival_plants_in_alcoves, layout_loops_corners
D:2:      layout_basic, uniq_jessica
D:3:      layout_basic
D:4:      layout_loops_ring, kennysheep_little_box, grunt_gozag_statues,
          minmay_temple_entry_stoned_glass, hangedman_feature_mirror
D:5:      layout_cave_pods
D:6:      layout_cave_pools, uniq_maggie, uniq_duvessa, uniq_blork_the_orc,
          uniq_edmund
D:7:      layout_rooms
D:8:      layout_basic, elyvilon_altar_4, david_lair_shrubbed, uniq_joseph,
          uniq_pikel, uniq_psyche
D:9:      layout_irregular_city, nzn_overflow_gifts_of_might_and_magic,
          kennysheep_mini_moat, grunt_temple_overflow_cloverleaf, st_stairs_8
D:10:     minmay_gate_of_8, layout_rooms, serial_shops, shop
D:11:     layout_roguey, erik_orc_3, gammafunk_ghost_grave, special_room
          [special_room_bee]
Temple:   chequers_temple_sunken

Skill      XL: |  1  2  3  4  5  6  7  8  9 10 11 |
---------------+----------------------------------+-----
Throwing       | 3 4 5 6 8 10 11 12 | 12.5
Staves         | 4 5 7 8 10 11 12 | 12.7
Fighting       | |  2.0
Dodging        | |  3.0

Action                   |  1- 3 |  4- 6 |  7- 9 | 10-12 || total
-------------------------+-------+-------+-------+-------++-------
Melee: Quarterstaff      |    36 |   129 |   219 |   259 ||   643
       Constrict         |     6 |    37 |    38 |    37 ||   118
       Tentacles         |     4 |    23 |    35 |    72 ||   134
Throw: Dart              |       |       |    62 |    40 ||   102
       Javelin           |       |       |       |     1 ||     1
       Boomerang         |       |       |       |     1 ||     1
Invok: Lunge             |       |     1 |    19 |    20 ||    40
       Whirlwind         |       |       |     2 |     4 ||     6
  Use: Scroll            |       |       |    17 |     2 ||    19
       Potion            |       |       |     4 |     3 ||     7
 Stab: Sleeping          |     6 |     7 |    11 |     4 ||    28
       Distracted        |       |       |     1 |     1 ||     2
       Invisible         |       |       |       |     1 ||     1
Armor: Skin              |     9 |     9 |    25 |     4 ||    47
Dodge: Dodged            |    39 |   109 |   136 |    99 ||   383
